Map: World of Sleepers LE

Players

oliM

  • Race: Protoss Protoss
  • League: Master
  • Spawn Location: 7:00

ZAiN - Winner!

  • Race: Protoss Protoss
  • Spawn Location: 1:00

Event: NationWars 2019

VOD

Have the link to the VOD?

Description

Time

  • Played on: Oct. 12, 2019, 1:35 p.m.
  • Length: 10:27
Show
View Real Time Build Order
Export as new Build Order

oliM Protoss 

Build Orders: Archon Immortal 

Get SALT Encoding   

  12  0:00  Probe  
  13  0:12  Probe  
  14  0:17  Pylon  
  14  0:25  Probe  
  15  0:37  Probe (Chrono Boost), Gateway  
  16  0:47  Probe (Chrono Boost), Assimilator  
  17  0:52  Probe (Chrono Boost)  
  17  0:55  Assimilator  
  18  1:03  Probe (Chrono Boost)  
  19  1:13  Gateway  
  19  1:14  Probe (Chrono Boost)  
  20  1:19  Probe (Chrono Boost)  
  20  1:25  Cybernetics Core  
  21  1:29  Probe  
  22  1:36  Pylon  
  22  1:41  Probe  
  23  1:54  Probe  
  24  2:02  Stalker  
  24  2:03  Sentry  
  28  2:11  Probe  
  28  2:13  Pylon  
  29  2:19  Pylon  
  29  2:29  Stalker  
  31  2:32  Sentry, Warp Gate (Chrono Boost)  
  34  2:46  Shield Battery  
  33  2:54  Nexus  
  33  3:06  Probe  
  33  3:08  Robotics Facility  
  34  3:18  Probe  
  35  3:21  Pylon  
  35  3:24  Sentry  
  37  3:30  Probe (Chrono Boost)  
  39  3:42  Probe (Chrono Boost)  
  39  3:44  Shield Battery  
  39  3:46  Probe (Chrono Boost)  
  40  3:54  Forge  
  40  3:57  Probe, Warp Prism (Chrono Boost)  
  43  4:09  Probe (Chrono Boost)  
  45  4:15  Probe (Chrono Boost)  
  45  4:16  Adept  
  47  4:18  Adept  
  47  4:22  Probe (Chrono Boost)  
  47  4:23  Probe (Chrono Boost)  
  49  4:30  Protoss Ground Weapons Level 1 (Chrono Boost)  
  49  4:33  Probe  
  49  4:35  Probe  
  51  4:45  Probe  
  52  4:47  Probe  
  52  4:48  Adept x2  
  57  4:57  Probe  
  57  4:59  Probe, Twilight Council  
  59  5:08  Pylon  
  59  5:09  Probe  
  59  5:11  Probe  
  61  5:17  Assimilator  
  61  5:19  Assimilator  
  57  5:21  Probe  
  57  5:23  Probe, Twilight Council  
  59  5:33  Probe  
  60  5:35  Probe  
  60  5:37  Immortal  
  60  5:38  Charge  
  65  5:46  Probe  
  65  5:48  Stalker, Gateway  
  68  5:50  Gateway  
  68  5:55  Probe  
  69  5:59  Pylon  
  69  6:03  Templar Archives  
  69  6:05  Probe  
  70  6:14  Pylon  
  70  6:15  Gateway  
  70  6:20  Gateway  
  70  6:21  Gateway  
  70  6:22  Protoss Ground Weapons Level 2 (Chrono Boost)  
  70  6:26  Templar Archives  
  70  6:37  Immortal  
  74  6:42  Pylon  
  74  6:50  Gateway  
  74  6:53  Pylon  
  74  6:57  High Templar x2  
  78  7:03  Archon  
  78  7:11  Nexus  
  78  7:12  Pylon  
  78  7:21  Immortal  
  80  7:26  High Templar  
  80  7:28  Probe  
  83  7:30  High Templar  
  83  7:31  Zealot x2  
  83  7:35  Probe, Archon  
  90  7:40  Probe  
  91  7:47  Probe  
  91  7:48  Pylon  
  91  7:49  Pylon  
  92  7:53  Probe  
  93  8:00  Observer, Zealot x4  
  93  8:05  Probe  
  104  8:11  High Templar x2  
  105  8:15  Pylon  
  105  8:17  Archon  
  105  8:19  Shield Battery  
  105  8:20  Zealot x2  
  105  8:24  Immortal  
  114  8:32  Zealot x2  
  115  8:37  Stalker  
  115  8:38  Stalker  
  119  8:41  Probe  
  119  8:44  Probe  
  119  8:46  Probe  
  122  8:53  Probe  
  122  8:54  High Templar x2  
  125  8:56  Probe  
  125  8:59  Archon  
  125  9:00  Zealot x4  
  135  9:06  Assimilator  
  134  9:10  Assimilator  
  134  9:14  Robotics Bay  
  132  9:17  Zealot x2  
  136  9:30  Probe  
  135  9:32  Probe  
  135  9:35  Zealot x2  
  140  9:40  Pylon  
  140  9:41  Pylon  
  140  9:43  Zealot x4  
  144  9:54  Zealot x2  
  144  9:57  Zealot x2  
  127  10:06  Zealot x4  
Show
View Real Time Build Order
Export as new Build Order

ZAiN Protoss - Winner!

Build Orders:  

Get SALT Encoding   

  12  0:00  Probe  
  13  0:12  Probe  
  14  0:17  Pylon  
  14  0:24  Probe (Chrono Boost)  
  16  0:36  Probe (Chrono Boost), Gateway  
  16  0:43  Probe (Chrono Boost)  
  16  0:45  Assimilator  
  17  0:51  Probe  
  17  0:54  Assimilator  
  18  1:03  Probe (Chrono Boost)  
  19  1:09  Gateway  
  19  1:13  Probe (Chrono Boost)  
  19  1:18  Probe (Chrono Boost)  
  21  1:26  Cybernetics Core  
  21  1:29  Probe  
  22  1:36  Pylon  
  22  1:41  Probe  
  23  1:54  Probe  
  23  2:01  Warp Gate (Chrono Boost)  
  24  2:03  Stalker x2  
  28  2:14  Pylon  
  28  2:27  Pylon  
  28  2:33  Adept x2  
  32  2:52  Nexus  
  32  2:54  Probe  
  33  3:03  Sentry  
  33  3:04  Sentry  
  37  3:09  Pylon  
  37  3:19  Probe  
  38  3:20  Robotics Facility  
  38  3:31  Probe  
  38  3:33  Pylon  
  39  3:43  Probe  
  40  3:50  Sentry x2  
  40  3:55  Probe (Chrono Boost)  
  45  4:05  Probe (Chrono Boost)  
  45  4:07  Probe (Chrono Boost)  
  45  4:09  Warp Prism (Chrono Boost)  
  49  4:13  Probe (Chrono Boost)  
  49  4:14  Probe (Chrono Boost)  
  51  4:19  Probe  
  51  4:21  Probe  
  53  4:31  Probe  
  50  4:33  Probe  
  51  4:38  Forge  
  51  4:43  Probe  
  52  4:45  Probe  
  53  4:53  Adept x2  
  53  4:55  Probe  
  53  4:56  Assimilator  
  53  4:58  Probe, Assimilator  
  59  5:02  Pylon  
  59  5:04  Immortal (Chrono Boost)  
  59  5:07  Probe  
  59  5:10  Probe  
  65  5:17  Protoss Ground Weapons Level 1 (Chrono Boost)  
  65  5:19  Probe  
  66  5:22  Probe  
  66  5:25  Stalker x2  
  70  5:31  Probe  
  70  5:34  Probe  
  71  5:43  Probe  
  71  5:46  Probe  
  73  5:55  Probe  
  74  5:58  Probe  
  75  6:10  Gateway  
  75  6:11  Gateway  
  75  6:15  Gateway x2  
  75  6:25  Pylon  
  76  6:29  Pylon  
  76  6:31  Pylon  
  76  6:32  Gateway  
  75  6:33  Gateway  
  75  6:44  Nexus  
  75  6:45  Pylon  
  79  6:47  Immortal  
  79  6:58  Twilight Council  
  79  7:01  Probe x2  
  79  7:02  Pylon  
  79  7:07  Zealot  
  79  7:08  Zealot x3  
  89  7:13  Pylon  
  89  7:25  Probe  
  89  7:26  Probe  
  89  7:29  Protoss Ground Weapons Level 2 (Chrono Boost)  
  91  7:32  Charge (Chrono Boost)  
  91  7:40  Templar Archives  
  91  7:44  Zealot x7  
  91  7:51  Probe x2, Zealot  
  109  7:58  Probe  
  109  8:03  Probe  
  111  8:18  Pylon  
  111  8:20  Pylon  
  111  8:23  Photon Cannon  
  111  8:24  High Templar x7  
  111  8:26  High Templar  
  127  8:29  Archon x2  
  127  8:30  Archon  
  127  8:37  Pylon  
  127  8:43  Archon  
  127  8:48  Probe x2, Photon Cannon  
  127  8:50  Probe, Assimilator  
  127  8:54  Assimilator  
  130  8:57  High Templar x2, Zealot x5  
  130  9:02  Archon, Zealot  
  144  9:14  Pylon  
  144  9:15  Pylon  
  144  9:17  Pylon  
  144  9:32  High Templar x2, Zealot  
  144  9:33  Zealot x5  
  160  9:39  Pylon  
  160  9:40  Pylon  
  160  9:41  Pylon  
  160  9:51  Archon  
  122  10:02  Zealot x2  
  122  10:03  Zealot x4  
  122  10:13  Zealot  
  122  10:14  Zealot  
Tags
 
Composition
Archon Immortal
League
Master
Matchup
PvP
Player
Zain
Spawn Locations
Cross Positions
Add a new tag
Caveats
  • Supply blocks, unpowered buildings, or Contaminate may cause inaccurate times.
  • Supply counts are checked every 10 seconds.